 Dungeon Crawl Stone Soup version 0.25.1-2-g60ff931df9 (webtiles) character file.

Game seed: 4234497101406460505

62 HawFromDerth the Chiller (level 3, -2/19 HPs)
             Began as a Deep Elf Ice Elementalist on Aug 20, 2020.
             Shot with an arrow by a centaur (15 damage)
             ... on level 2 of the Dungeon.
             The game lasted 00:04:11 (1620 turns).

HawFromDerth the Chiller (DEIE)                     Turns: 1620, Time: 00:04:12

Health: -2/19      AC:  5    Str:  5    XL:     3   Next: 85%
Magic:  10/10      EV: 12    Int: 20    God:
Gold:   43         SH:  0    Dex: 15    Spells: 9/10 levels left

rFire    . . .     SeeInvis .   n - +2 dagger (drain)
rCold    . . .     Gourm    .   (no shield)
rNeg     . . .     Faith    .   a - +0 robe
rPois    .         Spirit   .   h - +1 hat
rElec    .         Reflect  .   i - +0 cloak
rCorr    .         Harm     .   (no gloves)
MR       .....                  b - +0 pair of boots
Stlth    ++........             (no amulet)
HPRegen  0.06/turn              (no ring)
MPRegen  0.12/turn              (no ring)

@: drained
A: no striking features
a: no special abilities


You were on level 2 of the Dungeon.
You were not hungry.

You visited 1 branch of the dungeon, and saw 2 of its levels.

You collected 43 gold pieces.

Inventory:

Hand Weapons
 f - a +0 short sword
 n - a +2 dagger of draining (weapon)
Armour
 a - a +0 robe (worn)
 b - a +0 pair of boots (worn)
 h - a +1 hat (worn)
 i - a +0 cloak (worn)
Scrolls
 e - 6 scrolls of identify {unknown}
 k - 3 scrolls of remove curse {unknown}
 l - 2 scrolls of fear {unknown}
Potions
 d - a potion of ambrosia {unknown}
 g - a potion of brilliance {unknown}
 j - 2 potions of heal wounds {unknown}
Comestibles
 c - 3 rations
 m - a chunk of flesh


   Skills:
 + Level 0.1(0.0) Fighting
 + Level 0.1(0.0) Short Blades
 + Level 2.5(1.7) Dodging
 + Level 2.6(1.7) Stealth
 + Level 4.0(3.1) Spellcasting
 + Level 5.4(4.4) Ice Magic


You had 9 spell levels left.
You knew the following spells:

 Your Spells              Type           Power        Failure   Level  Hunger
a - Freeze                Ice            ###.         2%          1    None

Your spell library contained the following spells:

 Spells                   Type           Power        Failure   Level  Hunger
 Frozen Ramparts          Ice            ###...       7%          3    ###....
 Ozocubu's Armour         Chrm/Ice       ##......     17%         3    ###....
 Hailstorm                Conj/Ice       ##......     50%         4    ####...
 Summon Ice Beast         Ice/Summ       ##......     50%         4    ####...


Dungeon Overview and Level Annotations

Branches:
Dungeon (2/15)

Altars:
Wu Jian


Message History

You see here 15 gold pieces.
The centaur shouts!
The centaur wields a +0 shortbow.
The centaur shoots an arrow.
The arrow hits you. The bat closely misses you.
You see here an arrow.
The bat misses you.
The centaur shoots an arrow.
The arrow hits you.
The centaur shoots an arrow.
The arrow barely misses you.
You see here an arrow.
The bat barely misses you.
The centaur shoots an arrow.
The arrow barely misses you.
You see here an arrow.
The bat hits you but does no damage.
Things that are here:
an arrow; 15 gold pieces The bat hits you but does no damage.
The bat closely misses you.
The centaur shoots an arrow.
The arrow barely misses you.
The centaur shoots an arrow.
The arrow hits you!
Ouch! That really hurt!
You die...

#........# ###........#
#..........# . #..........#
... #.......########
.....########♣#♣#♣#.......###
.............................
#####.#####..♣.♣.♣........###
#.#####.@†.......<....#
###....##.#♣#♣#♣#########
#......##c# ###......##.#
....._..((..# #.....(#####
#......# #....### ####.


You could see a centaur.

Vanquished Creatures
  2 adders (D:2)
  An ooze (D:2)
  A dart slug (D:1)
  4 leopard geckos
  2 giant cockroaches (D:1)
  3 goblins
  A hobgoblin (D:1)
  3 jackals (D:2)
  2 quokkas (D:2)
  3 bats (D:2)
  2 frilled lizards (D:1)
  4 kobolds
  7 rats
35 creatures vanquished.

Notes
Turn   | Place    | Note
-------+----------+-------------------------------------------
     0 | D:1      | HawFromDerth the Deep Elf Ice Elementalist began the quest
                  | for the Orb.
     0 | D:1      | Reached XP level 1. HP: 10/10 MP: 6/6
   248 | D:1      | Reached XP level 2. HP: 9/15 MP: 4/8
   471 | D:1      | Reached skill level 5 in Ice Magic
  1150 | D:2      | Reached XP level 3. HP: 17/19 MP: 10/10
  1608 | D:2      | Found an ornate altar of the Wu Jian Council.
  1608 | D:2      | Noticed a centaur
  1620 | D:2      | Shot with an arrow by a centaur

Illustrated notes

Levels and vault maps discovered:
D:1:      dpeg_arrival_concentric_ovals, layout_basic
D:2:      layout_basic, nicolae_overflow_crystal_walls, first_ration,
          serial_forest, infiniplex_forest_end_2, infiniplex_forest_clump_tiny,
          infiniplex_forest_clump_medium, infiniplex_forest_lined_corner,
          infiniplex_forest_lined_room_, infiniplex_forest_end_1,
          infiniplex_forest_clump_diagonal, infiniplex_forest_end_2

Skill      XL: |  1  2  3 |
---------------+----------+-----
Ice Magic      | 5 |  5.4
Spellcasting   | 4 |  4.0
Fighting       | |  0.1
Short Blades   | |  0.1
Dodging        | |  2.5
Stealth        | |  2.6

Action                   || total
-------------------------++-------
Melee: Short sword       ||    35
 Cast: Freeze            ||    41
 Stab: Sleeping          ||     2
  Eat: Chunk             ||     2
Armor: Robe              ||    25
Dodge: Dodged            ||    64
